 Dungeon Crawl Stone Soup version 0.23.2-1-ga50397a6bc (webtiles) character file.

Game seed: 62909774877062746

107 Lennu the Shield-Bearer (level 5, -11/42 HPs)
             Began as a Formicid Fighter on Apr 25, 2019.
             Killed by divine providence
             ... invoked by an orc priest
              (13 damage)
             ... on level 3 of the Dungeon.
             The game lasted 00:04:42 (2756 turns).

Lennu the Shield-Bearer (Formicid Fighter)          Turns: 2756, Time: 00:04:43

Health: -11/42     AC:  7    Str: 22    XL:     5   Next: 10%
Magic:  5/5        EV:  8    Int: 10    God:
Gold:   143        SH: 10    Dex: 13    Spells: 4/4 levels left

rFire    . . .     SeeInvis +   a - +0 long sword
rCold    . . .     Gourm    .   c - +0 shield
rNeg     . . .     Faith    .   b - +0 scale mail
rPois    +         Spirit   .   (helmet unavailable)
rElec    .         Reflect  .   (no cloak)
rCorr    .         Harm     .   (no gloves)
MR       .....                  (no boots)
Stlth    ..........             (no amulet)
HPRegen  0.14/turn              d - ring of poison resistance
MPRegen  0.09/turn              (no ring)

@: flying
A: permanent stasis, dig shafts and tunnels, four strong arms, antennae 3, thin
skeletal structure 1, clever 1, strong 1
a: Dig, Shaft Self


You were on level 3 of the Dungeon.
You were not hungry.

You visited 1 branch of the dungeon, and saw 3 of its levels.

You collected 143 gold pieces.

Inventory:

Hand Weapons
 a - a +0 long sword (weapon)
Armour
 b - a +0 scale mail (worn)
 c - a +0 shield (worn)
Jewellery
 d - a ring of poison resistance (left hand)
Wands
 p - a wand of iceblast (14)
Scrolls
 e - 6 scrolls of identify {unknown}
 g - a scroll of fog {unknown}
 h - 3 scrolls of remove curse {unknown}
 i - a scroll of enchant weapon {unknown}
 j - a scroll of magic mapping {unknown}
 k - a scroll of teleportation {unknown}
 l - 3 scrolls of blinking {unknown}
 n - 2 scrolls of enchant armour {unknown}
 o - a scroll of amnesia {unknown}
 q - a scroll of random uselessness {unknown}
Comestibles
 f - 3 rations
 r - 4 chunks of flesh


   Skills:
 * Level 4.1 Fighting
 * Level 3.0 Long Blades
 * Level 3.8 Armour
 * Level 0.8 Dodging
 * Level 4.4 Shields


You had 4 spell levels left.
You didn't know any spells.
Your spell library contained the following spells:

 Spells                   Type           Power        Failure   Level  Hunger
 Animate Skeleton         Necr           N/A          95%         1    ##.....
 Apportation              Tloc           #.....       95%         1    ##.....
 Confusing Touch          Hex            #.....       95%         1    ##.....
 Summon Small Mammal      Summ           #...         95%         1    ##.....


Dungeon Overview and Level Annotations

Branches:
Dungeon (3/15)

Altars:
Dithmenos
Ru


Innate Abilities, Weirdness & Mutations

You cannot be hasted, slowed, berserked, paralysed or teleported.
You can dig through walls and to a lower floor.
Your four strong arms can wield two-handed weapons with a shield.
You have a pair of large antennae on your head. (SInv)
You have a somewhat thin skeletal structure. (Dex +2, Stealth)
Your mind is acute. (Int +2)
Your muscles are strong. (Str +2)


Message History

You block the gnoll's attack. You block the orc's attack.
You closely miss the orc wizard.
The gnoll shouts!
The orc priest hits you but does no damage.
The orc wizard hits you but does no damage.
A gnoll comes into view. It is wielding a +0 flail.
The gnoll hits you with a +0 flail.
* * * LOW HITPOINT WARNING * * *
You block the orc's attack. You block the orc priest's attack.
The orc wizard hits you but does no damage.
The gnoll shouts!
You hit the orc wizard but do no damage.
The gnoll hits you with a +0 flail.
* * * LOW HITPOINT WARNING * * *
You block the orc priest's attack. The orc hits you but does no damage.
The orc wizard hits you but does no damage.
You closely miss the orc wizard.
The orc priest mumbles some strange prayers to Beogh against you.
Beogh smites you!
You die...

......# #.# #.# §§§ ..
......######.# #.# .§§§...
.............###.# ###§§§_§...
.................# #...§§.§.....
.................# #............
.................####..g.........
....................')...........
...........#.###o####............
####+#.....#.###@####............
+.....+...ogogg.........(...
#.....#....g..####..........
#.....#.......# #...o.......
#.....#.......# #...........
#######.......###.......##..
#...........#.......# .
#...........#########
#...........#


You could see a gnoll shaman, an orc priest, an orc wizard (invisible), 3 gnolls
and an orc.

Vanquished Creatures
  A gnoll (D:3)
  2 adders (D:2)
  An ooze (D:1)
  3 dart slugs
  3 leopard geckos
  An orc (D:3)
  2 ball pythons (D:1)
  4 giant cockroaches
  6 hobgoblins
  7 jackals (D:2)
  8 kobolds
  6 bats
  A frilled lizard (D:1)
  10 goblins
  6 rats
61 creatures vanquished.

Notes
Turn   | Place    | Note
-------+----------+-------------------------------------------
     0 | D:1      | Lennu the Formicid Fighter began the quest for the Orb.
     0 | D:1      | Reached XP level 1. HP: 18/18 MP: 1/1
    36 | D:1      | Reached XP level 2. HP: 11/25 MP: 2/2
   113 | D:1      | Reached XP level 3. HP: 18/30 MP: 3/3
  1272 | D:2      | Reached XP level 4. HP: 34/37 MP: 4/4
  1764 | D:2      | Found a sacrificial altar of Ru.
  2721 | D:3      | Found a shadowy altar of Dithmenos.
  2732 | D:3      | Gained mutation: You have a somewhat thin skeletal
                  | structure. (Dex +2, Stealth) [potion of mutation]
  2732 | D:3      | Gained mutation: Your muscles are strong. (Str +2) [potion
                  | of mutation]
  2732 | D:3      | Gained mutation: Your mind is acute. (Int +2) [potion of
                  | mutation]
  2751 | D:3      | Reached XP level 5. HP: 15/42 MP: 5/5
  2755 | D:3      | HP: 2/42 [gnoll/+0 flail (1)]
  2756 | D:3      | Killed from afar by an orc priest

Skill      XL: |  1  2  3  4 |
---------------+-------------+-----
Shields        | 4 |  4.4
Fighting       | 4 |  4.1
Long Blades    | 3 |  3.0
Armour         | |  3.8
Dodging        | |  0.8

Action                   |  1- 3 |  4- 6 || total
-------------------------+-------+-------++-------
Melee: Long sword        |   130 |    89 ||   219
  Use: Potion            |     1 |     3 ||     4
  Eat: Chunk             |     1 |     5 ||     6
Armor: Scale mail        |    80 |    41 ||   121
Dodge: Dodged            |    50 |    31 ||    81
Block: Shield            |    88 |    57 ||   145
       Rpst.: Long sword |    12 |    12 ||    24
